 Dungeon Crawl Stone Soup version 0.20-b1 (webtiles) character file.

69527 MydosGodOfBeginnings the Blocker (level 15, -6/78 HPs)
             Began as a Vine Stalker Fighter on May 19, 2017.
             Was a Follower of Uskayaw.
             Mangled by an orc warrior
             ... wielding a cursed -3 dire flail
             ... led by an orc knight
              (16 damage)
             ... on level 2 of the Orcish Mines.
             The game lasted 01:33:30 (16393 turns).

MydosGodOfBeginnings the Blocker (VSFi)            Turns: 16393, Time: 01:33:31

Health: -6/78      AC: 20    Str: 21    XL:     15   Next: 30%
Magic:  0/24       EV:  7    Int: 12    God:    Uskayaw [*.....]
Gold:   1790       SH: 13    Dex: 14    Spells: 12/14 levels left

rFire    . . .     SeeInvis +   a - +1 rapier (venom)
rCold    + . .     Gourm    .   c - +1 shield
rNeg     . . .     Faith    +   H - +3 plate armour {rC+}
rPois    +         Spirit   +   G - +0 helmet
rElec    .         Reflect  .   R - +1 cloak
rCorr    .         Harm     .   (no gloves)
MR       +....                  (no boots)
Stlth    ..........             W - amulet of faith
Regen    1.1/turn               Y - ring of see invisible
MPRegen  0.2/turn               U - ring of poison resistance

@: drained
A: fangs 3, regeneration 2, magic shield, antimagic bite, no potion heal 3, rot
immunity
a: Stomp, Renounce Religion


You were on level 2 of the Orcish Mines.
You worshipped Uskayaw.
Uskayaw was aware of your devotion.
You were not hungry.

You visited 4 branches of the dungeon, and saw 21 of its levels.
You also visited: Labyrinth.

You collected 1874 gold pieces.
You spent 84 gold pieces at shops.

Inventory:

Hand Weapons
 a - a +1 rapier of venom (weapon)
 w - a +1 short sword of flaming
Missiles
 X - 5 javelins of penetration (quivered)
Armour
 c - a +1 shield (worn)
 G - a +0 helmet (worn)
 H - a +3 plate armour of cold resistance (worn)
 K - a +3 plate armour
 R - a +1 cloak (worn)
Jewellery
 m - an uncursed amulet of harm
 D - a +4 amulet of reflection
 F - an uncursed ring of protection from magic
 U - a ring of poison resistance (right hand)
 W - an amulet of faith (around neck)
 Y - a ring of see invisible (left hand)
Wands
 l - a wand of flame (15/48)
 o - a wand of lightning (6/15)
 u - a wand of iceblast (5/15)
 v - a wand of confusion (26/48)
 I - a wand of acid (8/15)
Scrolls
 b - 2 scrolls of amnesia
 e - 2 scrolls of fog
 h - 3 scrolls of identify
 j - 5 scrolls of teleportation
 k - 3 scrolls of enchant weapon
 n - 12 scrolls of remove curse
 q - 2 scrolls of recharging
 t - 3 scrolls of blinking
 C - a scroll of brand weapon
 J - a scroll of magic mapping
 L - a scroll of noise
Potions
 d - 3 potions of might
 i - 3 potions of haste
 p - 8 potions of curing
 s - 4 potions of berserk rage
 x - 2 potions of brilliance
 z - 4 potions of cancellation
 A - a potion of ambrosia
 B - 5 potions of lignification
 N - 3 potions of agility
 O - 3 potions of flight
 S - a potion of resistance
Books
 y - a book of Misfortune

   Spells                             Type                      Level
   a - Confusing Touch                Hexes                        1
   b - Confuse                        Hexes                        3
   c - Gell's Gravitas                Translocation                3
   d - Petrify                        Transmutation/Earth          4
   e - Metabolic Englaciation         Hexes/Ice                    5
   f - Yara's Violent Unravelling     Hexes/Transmutation          5
 E - the Tome of Mutagenic Weightlessness
   (You found it in a labyrinth)

   Spells                             Type                      Level
   a - Shock                          Conjuration/Air              1
   b - Mephitic Cloud                 Conjuration/Poison/Air       3
   c - Ignite Poison                  Fire/Transmutation/Poison    3
   d - Summon Lightning Spire         Summoning/Air                4
   e - Petrify                        Transmutation/Earth          4
   f - Yara's Violent Unravelling     Hexes/Transmutation          5
Comestibles
 f - 9 bread rations
 g - 3 meat rations
 r - 3 royal jellies
 M - 5 chunks of flesh


   Skills:
 + Level 8.8(7.7) Fighting
 + Level 12.0(10.8) Short Blades
 + Level 10.0(8.9) Armour
 + Level 4.3(3.3) Dodging
 - Level 2.2(1.3) Stealth
 + Level 12.1(10.9) Shields
 * Level 11.8(10.6) Invocations
 + Level 2.2(1.3) Evocations


You had 12 spell levels left.
You knew the following spells:

 Your Spells              Type           Power        Failure   Level  Hunger
a - Passwall              Tmut/Erth      #.........   100%        2    ###....


Dungeon Overview and Level Annotations

Branches:
Dungeon (12/15)            Temple (1/1) D:4            Lair (6/6) D:8
 Shoals (0/4) Lair:2       Spider (0/4) Lair:3        Slime (0/5) Lair:5
    Orc (2/2) D:12            Elf (0/3) Orc:2

Altars:
Ashenzari
Dithmenos
Elyvilon
Gozag
Kikubaaqudgha
Makhleb
Qazlal
Ru
Uskayaw
Zin
Beogh

Shops:
D:5 (   D:8 [   D:10 !   D:12 *

Annotations:
D:10 exclusion: ice statue


Innate Abilities, Weirdness & Mutations

You have razor-sharp teeth.
You heal very quickly.
When hurt, damage is shared between your health and your magic reserves.
Your bite disrupts and absorbs the magic of your enemies.
Potions cannot restore your health.
You are immune to rotting.


Message History

The orc warrior hits you with a battleaxe.
* * * LOW HITPOINT WARNING * * *
You can now pass through a line of other dancers.
Unknown command.
Your shield and plate armour prevent you from hitting the orc warrior.
The orc warrior is almost dead.
The orc warrior hits you with a dire flail!
* * * LOW HITPOINT WARNING * * *
The orc warrior hits you with a battleaxe!
* * * LOW HITPOINT WARNING * * *
You can no longer pass through a line of other dancers.
Items here: )) [[ a falchion; a ring mail; a trident; a leather armour You hit the orc warrior.
You kill the orc warrior!
You hit the orc warrior.
The orc warrior is poisoned.
Your bite misses the orc warrior.
The orc warrior is lightly wounded.
The orc warrior hits you with a dire flail!!
You die...

*##*## ### *###*#* #.##.#*
#*###.####..#..** ......*
##.#....#.......,* ...#,**
#...............,* ..###*
*#......@.......** .##.##
###.#.)o.......,* #.(..##
*##o.........** ......##
##...........** .......##
##o$..........,*
.#......###.#..#........,*
...........o............,*
...).....)).##..........,*
..o.#..##....#........,,**


You could see 2 orc warriors and 2 orcs.

Vanquished Creatures
  A minotaur (Lab)
  Harold (D:11)
  An ice dragon (Lair:6)
  A catoblepas (Lair:6)
  4 hydras
  9 two-headed ogres
  An ogre mage (Orc:2)
  7 death yaks
  An unseen horror (D:9)
  5 lindwurms (Lair:6)
  3 orc knights (Orc:2)
  2 oklob plants
  An orc sorcerer (Orc:1)
  An ugly thing (D:12)
  2 cyclopes (D:12)
  2 manticores (Lair:6)
  17 elephants (Lair:6)
  3 black mambas
  Maurice (D:10)
  A gargoyle (D:12)
  2 centaur zombies (D:12)
  8 spiny frogs
  6 torpor snails (Lair:6)
  5 rime drakes
  5 komodo dragons
  3 trolls
  3 tyrant leeches (Lair:6)
  3 polar bears
  29 blink frogs
  11 hippogriffs
  7 hornets
  2 dream sheep (Lair:6)
  A shadow (D:8)
  4 wyverns
  3 hogs (D:8)
  A human (D:8)
  42 yaks
  A basilisk (Lair:6)
  A hungry ghost (D:7)
  Edmund (D:5)
  A warg (Orc:2)
  An acid dragon (D:12)
  11 water moccasins
  8 porcupines
  2 sky beasts
  A swamp drake (D:12)
  22 orc warriors
  An ice beast (D:3)
  3 phantoms
  A black bear (D:10)
  A necrophage (D:10)
  The ghost of kal9871 the Covered, an amateur BaFi (D:4)
  11 ogres
  10 wolves (Lair:6)
  4 centaurs
  10 crocodiles
  A big kobold (D:9)
  14 bullfrogs
  A wyvern zombie (D:8)
  2 wyvern skeletons
  3 scorpions
  11 killer bees
  3 electric eels
  9 wights
  6 howler monkeys
  3 bullfrog zombies
  6 crimson imps
  8 hounds
  2 quasits
  17 orc priests
  15 jellies
  3 bullfrog skeletons
  A centaur skeleton (D:10)
  2 iguanas
  A gnoll shaman (D:9)
  19 orc wizards
  A hell rat (Lair:6)
  2 worker ants
  A killer bee zombie (D:10)
  A hound zombie (D:10)
  2 worker ant zombies
  11 gnolls
  A howler monkey skeleton (D:10)
  16 adders
  4 shadow imps
  3 oozes (Lair:5)
  2 adder skeletons
  2 worms
  5 dart slugs
  6 leopard geckos
  90 orcs
  7 bats
  5 giant cockroaches
  8 goblins
  8 hobgoblins
  13 jackals
  3 quokkas
  A ball python (D:3)
  6 frilled lizards
  A jackal skeleton (D:4)
  6 kobolds
  A leopard gecko skeleton (D:4)
  2 quokka skeletons (D:4)
  A quokka zombie (D:7)
  9 rats
  3 plants
638 creatures vanquished.

Vanquished Creatures (others)
  6 fungi
  15 plants
21 creatures vanquished.

Grand Total: 659 creatures vanquished

Notes
Turn   | Place    | Note
-------+----------+-------------------------------------------
     0 | D:1      | MydosGodOfBeginnings the Vine Stalker Fighter began the quest for the Orb.
     0 | D:1      | Reached XP level 1. HP: 11/11 MP: 2/2
   181 | D:1      | Reached XP level 2. HP: 16/16 MP: 3/3
   559 | D:1      | You fall through a shaft!
   613 | D:2      | Reached XP level 3. HP: 18/20 MP: 4/4
  1213 | D:2      | Found a shattered altar of Ashenzari.
  1277 | D:2      | Gained mutation: Your natural rate of healing is unusually fast. [Vine Stalker growth]
  1277 | D:2      | Reached XP level 4. HP: 22/24 MP: 5/5
  1799 | D:3      | Reached XP level 5. HP: 26/28 MP: 6/6
  1998 | D:3      | Noticed an ice beast
  2072 | D:3      | Killed an ice beast
  2072 | D:3      | Reached skill level 1 in Stealth
  2072 | D:3      | Reached XP level 6. HP: 11/32 MP: 7/7
  2617 | D:4      | Found a staircase to the Ecumenical Temple.
  2631 | Temple   | Entered the Ecumenical Temple
  2704 | Temple   | Became a worshipper of Uskayaw the Reveler
  2762 | D:4      | Noticed kal9871's ghost (amateur BaFi)
  2779 | D:4      | Reached * piety under Uskayaw
  2784 | D:4      | Reached ** piety under Uskayaw
  2789 | D:4      | Killed kal9871's ghost
  2939 | D:4      | Noticed a phantom
  2961 | D:4      | Killed a phantom
  2961 | D:4      | Reached XP level 7. HP: 25/36 MP: 8/8
  3207 | D:5      | Entered Level 5 of the Dungeon
  3219 | D:5      | Reached skill level 1 in Dodging
  3219 | D:5      | Reached skill level 1 in Invocations
  3219 | D:5      | Reached *** piety under Uskayaw
  3220 | D:5      | Reached **** piety under Uskayaw
  3520 | D:5      | Reached skill level 5 in Short Blades
  3635 | D:5      | Found Vutyilad's Weapon Emporium.
  3635 | D:5      | Noticed Edmund
  3648 | D:5      | Killed Edmund
  3648 | D:5      | Gained mutation: You have razor-sharp teeth. [Vine Stalker growth]
  3648 | D:5      | Reached XP level 8. HP: 26/42 MP: 7/10
  4127 | D:6      | Reached skill level 5 in Shields
  4139 | D:6      | Reached ***** piety under Uskayaw
  4573 | D:7      | Reached XP level 9. HP: 20/45 MP: 5/12
  4940 | D:7      | Noticed a hornet
  4957 | D:7      | Killed a hornet
  5121 | D:7      | Reached skill level 5 in Invocations
  5483 | D:8      | Reached skill level 5 in Armour
  5483 | D:8      | Reached XP level 10. HP: 44/51 MP: 14/14
  5491 | D:8      | HP: 1/51 [acid (5)]
  5528 | D:8      | Noticed a two-headed ogre
  5593 | D:8      | Killed a two-headed ogre
  5637 | D:8      | Reached skill level 5 in Fighting
  5691 | D:8      | Found Xuipos's Antique Armour Shop.
  5758 | D:8      | Found a glowing silver altar of Zin.
  5758 | D:8      | Noticed an oklob plant
  5767 | D:8      | Killed an oklob plant
  5874 | D:8      | Found a staircase to the Lair.
  5999 | Lair:1   | Entered Level 1 of the Lair of Beasts
  6058 | Lair:1   | Noticed a spiny frog
  6076 | Lair:1   | Killed a spiny frog
  6243 | Lair:1   | Reached skill level 1 in Evocations
  6257 | Lair:1   | Reached XP level 11. HP: 41/56 MP: 8/16
  7074 | Lair:2   | Found a staircase to the Shoals.
  7190 | Lair:2   | Gained mutation: You heal very quickly. [Vine Stalker growth]
  7190 | Lair:2   | Reached XP level 12. HP: 39/61 MP: 14/18
  8354 | Lair:3   | Found a hole to the Spider Nest.
  9363 | Lair:5   | Found a staircase to the Slime Pits.
  9862 | Lair:5   | Reached skill level 10 in Short Blades
  9985 | Lair:5   | Noticed a death yak
 10010 | Lair:5   | Killed a death yak
 10103 | Lair:5   | Noticed a death yak
 10103 | Lair:5   | Noticed a death yak
 10103 | Lair:5   | Noticed a death yak
 10119 | Lair:5   | Killed a death yak
 10119 | Lair:5   | Reached skill level 10 in Shields
 10119 | Lair:5   | Reached XP level 13. HP: 65/66 MP: 18/20
 10482 | Lair:6   | Entered Level 6 of the Lair of Beasts
 10882 | Lair:6   | Reached skill level 10 in Invocations
 11419 | Lair:6   | Reached XP level 14. HP: 69/72 MP: 20/22
 11423 | Lair:6   | Reached ****** piety under Uskayaw
 12131 | Lair:6   | Found a runed door.
 12263 | Lair:6   | Paralysed by a hornet for 2 turns
 12311 | Lair:6   | Paralysed by a hornet for 3 turns
 12657 | Lair:1   | Learned a level 2 spell: Passwall
 13153 | D:10     | Entered Level 10 of the Dungeon
 13462 | D:10     | Found a roughly hewn altar of Beogh.
 13698 | D:10     | Found Metiotzu's Distillery.
 13763 | D:10     | Noticed Maurice
 13772 | D:10     | Killed Maurice
 14403 | D:11     | Noticed Harold
 14420 | D:11     | Killed Harold
 14777 | D:12     | Found Ojyupn's General Store.
 14864 | D:12     | Bought a potion of agility for 56 gold pieces
 14864 | D:12     | Bought a scroll of identify for 28 gold pieces
 14923 | D:12     | Reached XP level 15. HP: 51/78 MP: 24/24
 15048 | D:12     | Found a staircase to the Orcish Mines.
 15472 | Orc:1    | Entered Level 1 of the Orcish Mines
 15688 | Orc:2    | Entered Level 2 of the Orcish Mines
 15744 | Orc:2    | Found a labyrinth entrance.
 15752 | Orc:2    | HP: 3/78 [warg (2)]
 15753 | Orc:2    | HP: 1/78 [ogre mage/bolt of poison (3)]
 15756 | Lab      | Entered a labyrinth
 16123 | Lab      | Identified the Tome of Mutagenic Weightlessness
 16247 | Orc:2    | Reached skill level 10 in Armour
 16385 | Orc:2    | HP: 2/78 [orc warrior/battleaxe[an orc knight] (14)]
 16393 | Orc:2    | Mangled by an orc warrior

Skill      XL: |  1  2  3  4  5  6  7  8  9 10 11 12 13 14 15 |
---------------+----------------------------------------------+-----
Fighting       | 3 4 5 6 7 8 |  8.8
Shields        | 3 4 5 6 7 8 10 11 12 | 12.1
Short Blades   | 2 3 4 5 6 7 8 9 10 11 12 | 12.0
Armour         | 3 4 5 6 7 8 9 10 | 10.0
Stealth        | 1 2 |  2.2
Dodging        | 1 2 3 4 |  4.3
Invocations    | 2 3 5 6 7 9 10 11 | 11.8
Evocations     | 1 2 |  2.2

Action                   |  1- 3 |  4- 6 |  7- 9 | 10-12 | 13-15 || total
-------------------------+-------+-------+-------+-------+-------++-------
Melee: Rapier            |    86 |   178 |   188 |       |   599 ||  1051
       Bite              |    31 |    50 |   116 |   320 |   548 ||  1065
       Short sword       |       |       |   170 |   644 |   583 ||  1397
Throw: Javelin           |       |       |       |       |    22 ||    22
Invok: Line Pass         |       |       |     2 |     9 |    17 ||    28
       Stomp             |       |       |     2 |    11 |    34 ||    47
       Grand Finale      |       |       |       |       |     2 ||     2
Evoke: Wand              |       |       |       |     8 |     6 ||    14
  Use: Scroll            |       |       |     5 |     2 |    32 ||    39
 Stab: Paralysed         |       |       |    16 |    36 |    82 ||   134
       Confused          |       |       |       |       |     6 ||     6
  Eat: Chunk             |     1 |     6 |    10 |    20 |    25 ||    62
       Bread ration      |       |       |       |       |     2 ||     2
Armor: Scale mail        |    33 |    43 |   111 |     3 |       ||   190
       Plate armour      |       |       |       |   139 |   417 ||   556
Dodge: Dodged            |    25 |    41 |   199 |   187 |   387 ||   839
Block: Shield            |    31 |    93 |   232 |   262 |   716 ||  1334
